AoeStats
← AxD | Kurumi 002

Arena

509808831Analyzed
2v2 RM · 5d ago on Sep 28, 2026· 50m 35s· 4 players
Game mode
Random Map
Map size
Medium (4 player)
Population
200
Speed
Normal
Resources
Standard
Victory
Conquest
Starting age
Dark Age
Ending age
Imperial Age
RankedLock teamsTeams togetherTeam positionsShared explorationLock speedFull tech treeHidden civsTurbo modeCheats
Victory
Defeat
🇵🇪 Bulgarians · Peru
1739
+10
🇵🇪 Goths · Peru
1734
+10
🇨🇱 Armenians · Chile
1630
-11
🇸🇻 Aztecs · El Salvador
1581
-9
Terror_PE
10:50 Feudal Age
11:39 Double-Bit Axe
11:35 Horse Collar
14:32 Castle Age
20:49 Bow Saw
21:01 Heavy Plow
22:18 Wheelbarrow
22:20 Stone Mining
23:58 Hand Cart
23:55 Gold Mining
24:42 Stone Shaft Mining
25:24 Loom
28:37 Imperial Age
26:56 Scale Mail Armor
27:07 Forging
27:00 Padded Archer Armor
27:18 Town Watch
27:12 Man-at-Arms
27:52 Squires
27:58 Long Swordsman
28:47 Two-Handed Swordsman
29:44 Chain Mail Armor
30:04 Iron Casting
30:36 Chemistry
30:03 Conscription
30:45 Two-Man Saw
30:15 Crop Rotation
29:48 Capped Ram
31:27 Champion
34:06 Blast Furnace
33:24 Padded Archer Armor
36:24 Leather Archer Armor
37:41 Guilds
38:04 Ring Archer Armor
46:16 Anarchy
46:49 Elite Huskarl
W_DPINT003
10:39 Feudal Age
10:51 Feudal Age
14:47 Castle Age
13:05 Horse Collar
13:56 Double-Bit Axe
17:29 Light Cavalry
22:21 Bow Saw
24:31 Wheelbarrow
24:19 Stone Mining
25:19 Gold Mining
29:46 Imperial Age
27:54 Hand Cart
27:25 Loom
28:55 Scale Barding Armor
29:01 Forging
28:56 Heavy Plow
29:59 Chain Barding Armor
29:53 Bloodlines
29:44 Husbandry
30:20 Iron Casting
30:26 Iron Casting
31:05 Plate Barding Armor
29:53 Cavalier
30:08 Onager
30:22 Hussar
32:04 Blast Furnace
32:36 Chemistry
32:35 Stirrups
33:01 Conscription
33:13 Siege Onager
33:21 Siege Onager
35:12 Fletching
37:35 Siege Engineers
37:40 Masonry
39:25 Bodkin Arrow
39:51 Ballistics
43:18 Bracer
45:03 Heavy Scorpion
46:35 Squires
47:31 Capped Ram
48:57 Siege Ram
AxD | Cad Bane
10:31 Feudal Age
14:31 Castle Age
12:23 Double-Bit Axe
12:31 Horse Collar
15:39 Bow Saw
21:20 Wheelbarrow
21:34 Squires
22:17 Stone Mining
22:29 Heavy Plow
24:15 Hand Cart
25:16 Loom
25:17 Town Watch
28:44 Imperial Age
26:01 Pikeman
26:02 Man-at-Arms
26:44 Gold Mining
26:57 Scale Mail Armor
27:07 Forging
27:00 Gambesons
27:16 Squires
27:19 Long Swordsman
28:15 Chain Mail Armor
29:20 Iron Casting
28:16 Two-Handed Swordsman
29:18 Capped Ram
31:15 Plate Mail Armor
30:41 Champion
32:12 Fereters
32:01 Arson
33:54 Blast Furnace
33:17 Conscription
35:55 Fletching
37:00 Masonry
38:08 Scale Barding Armor
38:08 Light Cavalry
39:33 Bloodlines
41:26 Husbandry
41:47 Chain Barding Armor
42:52 Ballistics
43:32 Chemistry
42:44 Fortified Wall
AxD | Kurumi 002
10:27 Feudal Age
14:10 Castle Age
13:38 Double-Bit Axe
13:36 Horse Collar
22:33 Bow Saw
23:13 Heavy Plow
25:04 Wheelbarrow
24:57 Loom
25:00 Town Watch
29:10 Imperial Age
26:57 Hand Cart
26:52 Gold Mining
27:14 Man-at-Arms
27:55 Squires
27:41 Gambesons
28:07 Forging
27:57 Scale Mail Armor
28:28 Long Swordsman
29:25 Fletching
29:36 Padded Archer Armor
29:38 Elite Skirmisher
29:51 Two-Handed Swordsman
32:02 Garland Wars
31:49 Champion
34:13 Bodkin Arrow
33:44 Crossbowman
34:27 Crossbowman
35:25 Bracer
35:26 Crossbowman
37:18 Iron Casting
38:02 Chain Mail Armor
40:05 Plate Mail Armor
45:59 Blast Furnace
44:29 Arbalester
Connection lost

Rejoining the realm…

Still unreachable

The connection could not be restored.

Session expired

The server has moved on; the page needs a fresh start.